 Dungeon Crawl Stone Soup version 0.17.0-28-g6e173f8 (webtiles) character file.

28 ShokerKer the Sneak (level 3, -2/24 HPs)
             Began as a Vampire Enchanter on Nov 23, 2015.
             Slain by a gnoll
             ... wielding a +0 flail
              (11 damage)
             ... on level 2 of the Dungeon.
             The game lasted 00:11:28 (814 turns).

ShokerKer the Sneak (Vampire Enchanter)              Turns: 814, Time: 00:11:29

Health: -2/24      AC:  4    Str:  2    XL:     3   Next: 0%
Magic:  2/6        EV: 13    Int: 17    God:
Gold:   48         SH:  0    Dex: 15    Spells: 2 memorised, 3 levels left

rFire  + . .     SeeInvis +     a - +1 dagger
rCold  . . .     Clarity  .     b - +1 robe
rNeg   + . .     SustAt   .     (no shield)
rPois  .         Gourm    .     (helmet restricted)
rElec  .         Spirit   .     g - +0 cloak
rCorr  .         Warding  .     (no gloves)
rMut   .         Stasis   .     (no boots)
MR     +....                    (no amulet)
Stlth  +++.......               h - -3 ring of strength (curse)
                                e - ring of protection from fire

@: somewhat resistant to hostile enchantments, fairly stealthy
A: fangs 3, horns 1, see invisible, magic resistance 1, weak 1, unbreathing
a: Bat Form


You were on level 2 of the Dungeon.
You were not thirsty.

You visited 1 branch of the dungeon, and saw 2 of its levels.

You collected 48 gold pieces.

Inventory:

Hand Weapons
 a - a +1 dagger (weapon)
Armour
 b - a +1 robe (worn)
 g - a +0 cloak (worn)
Jewellery
 e - a ring of protection from fire (left hand)
 f - an uncursed ring of flight
 h - a cursed -3 ring of strength (right hand)
Scrolls
 l - a scroll of blinking
Potions
 d - a potion of blood
Books
 c - a book of Maledictions

   Spells                             Type                      Level
   a - Corona                         Hexes                        1
   b - Ensorcelled Hibernation        Hexes/Ice                    2
   c - Confuse                        Hexes                        3
   d - Tukima's Dance                 Hexes                        3
   e - Dazzling Spray                 Conjuration/Hexes            3


   Skills:
 + Level 1.3 Short Blades
 + Level 2.5 Dodging
 + Level 4.8 Stealth
 + Level 2.4 Spellcasting
 + Level 4.8 Hexes


You had 3 spell levels left.
You knew the following spells:

 Your Spells              Type           Power        Failure   Level  Hunger
a - Corona                Hex            ###....      2%          1    #......
b - Ensorcelled Hibernat  Hex/Ice        ##....       12%         2    ##.....


Dungeon Overview and Level Annotations

Branches:
Dungeon (2/15)

Altars:


Innate Abilities, Weirdness & Mutations

You have razor-sharp teeth.
You have supernaturally acute eyesight.
You can survive without breathing.
You have a pair of small horns on your head.
You are resistant to hostile enchantments.
You are weak. (Str -2)


Message History

The gnoll misses you.
Casting: Ensorcelled Hibernation
Confirm with . or Enter, or press ? or * to list all spells.
You don't have enough magic to cast that spell.
The gnoll hits you with a flail.
You barely miss the gnoll. The gnoll hits you but does no damage.
You hit the gnoll.
The gnoll is lightly wounded.
The gnoll completely misses you.
You hit the gnoll.
The gnoll is lightly wounded.
The gnoll barely misses you.
You hit the gnoll. You headbutt the gnoll.
You bite the gnoll, but do no damage.
The gnoll is heavily wounded.
The gnoll falls through a shaft!
The shaft crumbles and collapses.
You hit the gnoll.
The gnoll is heavily wounded.
The gnoll hits you with a flail!
You die...

###. ##.. ...# #..#
#..# # ##..#
...####.†.# #..$...#.#
#####..#@# ###...#g#
#....##g###
#.....§gh.###
...####....##.#)..#
#gg...†....##..##.##
..####.....###..#.†###
##....# ##.##...##
#[...####.####..#


You could see 2 gnolls, a jackal and a goblin.

Vanquished Creatures
  A gnoll (D:2)
  A worm (D:2)
  A giant gecko (D:1)
  2 bats (D:1)
  A giant cockroach (D:1)
  2 goblins (D:1)
  A hobgoblin (D:1)
  A jackal (D:2)
  2 kobolds (D:1)
  2 rats
14 creatures vanquished.

Notes
Turn   | Place    | Note
--------------------------------------------------------------
     0 | D:1      | ShokerKer the Vampire Enchanter began the quest for the Orb.
     0 | D:1      | Reached XP level 1. HP: 13/13 MP: 3/3
   511 | D:1      | Reached XP level 2. HP: 13/19 MP: 3/5
   516 | D:1      | Learned a level 2 spell: Ensorcelled Hibernation
   553 | D:1      | Gained mutation: You have a pair of small horns on your head. [potion of mutation]
   553 | D:1      | Gained mutation: You are weak. (Str -2) [potion of mutation]
   553 | D:1      | Gained mutation: You are resistant to hostile enchantments. [potion of mutation]
   801 | D:2      | Reached XP level 3. HP: 16/24 MP: 0/6
   814 | D:2      | Slain by a gnoll

Action                   || total
-------------------------++-------
Melee: Dagger            ||    28
 Cast: Corona            ||     4
       Ensorcelled Hiber ||     4
  Use: Scroll            ||     7
       Potion            ||     4
 Stab: Sleeping          ||     8
  Eat: Corpse            ||     3
